 Dungeon Crawl Stone Soup version 0.26.1-11-gd32895ea62 (webtiles) character file.

Game seed: 328244341077113528

263930 phalm the Gnoll Aeon (level 20, -13/156 HPs)
             Began as a Gnoll Conjurer on May 12, 2021.
             Was the Champion of Cheibriados.
             Mangled by a jiangshi (19 damage)
             ... summoned by a curse skull
             ... on level 2 of the Vaults.
             The game lasted 02:48:49 (54650 turns).

phalm the Gnoll Aeon (Gnoll Conjurer)              Turns: 54650, Time: 02:48:49

Health: -13/156    AC: 22    Str: 27    XL:     20   Next: 3%
Magic:  19/46      EV: 23    Int: 42    God:    Cheibriados [******]
Gold:   3175       SH: 21    Dex: 22    Spells: 10/46 levels left

rFire    + + +     SeeInvis .   r - +8 long sword of Woerchor {drain, +Rage rC+++ Will++ Int-3}
rCold    + + +     Faith    .   A - +1 kite shield {AC+3}
rNeg     + . .     Spirit   .   L - +0 swamp dragon scales
rPois    +         Reflect  +   t - +2 helmet of the Dolphin {rF+++ Will+++ Dex-3 Stlth-}
rElec    +         Harm     .   B - scarf {rC+ rF+}
rCorr    .         Rampage  .   b - +2 pair of gloves
Will     +++++                  u - +0 pair of boots
Stlth    ++++......             Y - amulet "Pelias" {Reflect +Blink rN+ SH+5}
HPRegen  0.36/turn              x - ring of Intercession {rElec Int+3 Dex-4} (curse)
MPRegen  0.30/turn              W - ring of magical power

@: about to teleport, slowed, very slow
A: distributed training, fangs 1, strong nose
}: 2/15 runes: decaying, serpentine
a: Renounce Religion, Evoke Blink, Evoke Berserk Rage, Bend Time, Temporal
Distortion, Slouch, Step From Time


You were on level 2 of the Vaults.
You worshipped Cheibriados.
Cheibriados was exalted by your worship.
You visited 6 branches of the dungeon, and saw 33 of its levels.

You collected 3719 gold pieces.
You spent 544 gold pieces at shops.


Innate Abilities, Weirdness & Mutations

Your experience applies equally to all skills.
You have very sharp teeth.
Your uncanny sense of smell can sniff out nearby items.


   Skills:
 + Level 13.1 Fighting
 + Level 13.1 Short Blades
 + Level 13.1 Long Blades
 + Level 13.1 Axes
 + Level 13.1 Maces & Flails
 + Level 13.1 Polearms
 + Level 13.1 Staves
 + Level 13.1 Slings
 + Level 13.1 Bows
 + Level 13.1 Crossbows
 + Level 13.1 Throwing
 + Level 13.1 Armour
 + Level 13.8 Dodging
 + Level 13.7 Stealth
 + Level 13.1 Shields
 + Level 13.1 Unarmed Combat
 + Level 13.9 Spellcasting
 + Level 13.0 Conjurations
 + Level 11.3 Hexes
 + Level 11.3 Summonings
 + Level 11.3 Necromancy
 + Level 11.3 Translocations
 + Level 11.3 Transmutations
 + Level 11.3 Fire Magic
 + Level 11.3 Ice Magic
 + Level 11.3 Air Magic
 + Level 11.3 Earth Magic
 + Level 11.3 Poison Magic
 + Level 14.1 Invocations
 + Level 13.1 Evocations


You had 10 spell levels left.
You knew the following spells:

 Your Spells              Type           Power        Failure   Level
b - Iskenderun's Battles  Conj           95%          1%          5
c - Call Imp              Summ           90%          1%          2
l - Summon Lightning Spi  Summ/Air       90%          1%          4
m - Magic Dart            Conj           100%         0%          1
n - Iron Shot             Conj/Erth      46%          1%          6
o - Olgreb's Toxic Radia  Pois           90%          1%          4
s - Searing Ray           Conj           100%         0%          2
t - Bolt of Magma         Conj/Fire/Erth 46%          1%          5
X - Iskenderun's Mystic   Conj/Tloc      93%          1%          4
Y - Ignite Poison         Fire/Tmut/Pois 90%          1%          3

Your spell library contained the following spells:

 Spells                   Type           Power        Failure   Level
 Corona                   Hex            100%         0%          1
 Sting                    Tmut/Pois      100%         0%          1
 Summon Small Mammal      Summ           100%         0%          1
 Ensorcelled Hibernation  Hex/Ice        100%         1%          2
 Poisonous Vapours        Pois/Air       100%         1%          2
 Call Canine Familiar     Summ           90%          1%          3
 Confusing Touch          Hex            90%          1%          3
 Dazzling Flash           Conj/Hex       100%         1%          3
 Mephitic Cloud           Conj/Pois/Air  92%          1%          3
 Static Discharge         Conj/Air       93%          1%          3
 Summon Guardian Golem    Hex/Summ       90%          1%          3
 Tukima's Dance           Hex            90%          1%          3
 Cause Fear               Hex            45%          1%          4
 Fulminant Prism          Conj/Hex       46%          1%          4
 Ice Form                 Ice/Tmut       90%          1%          4
 Summon Ice Beast         Ice/Summ       90%          1%          4
 Alistair's Intoxication  Tmut/Pois      60%          1%          5
 Borgnjor's Vile Clutch   Necr/Erth      45%          1%          5
 Irradiate                Conj/Tmut      46%          1%          5
 Lightning Bolt           Conj/Air       46%          1%          5
 Metabolic Englaciation   Hex/Ice        45%          1%          5
 Silence                  Hex/Air        45%          1%          5
 Yara's Violent Unravell  Hex/Tmut       45%          1%          5
 Freezing Cloud           Conj/Ice/Air   46%          1%          6
 Eringya's Noxious Bog    Tmut/Pois      45%          2%          6
 Hydra Form               Tmut           45%          2%          6
 Ozocubu's Refrigeration  Ice            45%          2%          6
 Shadow Creatures         Summ           N/A          2%          6
 Simulacrum               Ice/Necr       45%          2%          6
 Statue Form              Tmut/Erth      60%          2%          6
 Orb of Destruction       Conj           47%          7%          7
 Spellforged Servitor     Conj/Summ      46%          10%         7
 Dragon Form              Tmut           45%          14%         7
 Haunt                    Necr/Summ      45%          14%         7
 Borgnjor's Revivificati  Necr           45%          73%         8
 Discord                  Hex            45%          73%         8
 Ignition                 Fire           45%          73%         8
 Infestation              Necr           45%          73%         8
 Necromutation            Tmut/Necr      45%          73%         8
 Death's Door             Necr           45%          100%        9
 Shatter                  Erth           45%          100%        9
 Tornado                  Air            45%          100%        9

Inventory:

Hand Weapons
 r - the +8 long sword of Woerchor (weapon) {drain, +Rage rC+++ Will++ Int-3}
   (You took it off an ogre mage on level 14 of the Dungeon)

   A truly terrible weapon, it drains the life of those it strikes.
   It affects your intelligence (-3).
   It renders you almost immune to cold.
   It affects your willpower, your defense against some magical effects.
   It lets you go berserk.
Missiles
 a - 7 boomerangs
 c - 6 curare-tipped darts {=f}
 w - 5 boomerangs of dispersal {=f!f}
 G - 2 throwing nets {=f!f}
Armour
 b - a +2 pair of gloves (worn)
   (You found it on level 3 of the Swamp)
 t - the +2 helmet of the Dolphin (worn) {rF+++ Will+++ Dex-3 Stlth-}
   (You found it on level 2 of the Snake Pit)

   It affects your dexterity (-3).
   It renders you almost immune to fire.
   It affects your willpower, your defense against some magical effects.
   It makes you less stealthy.
 u - a +0 pair of boots (worn)
   (You found it on level 3 of the Swamp)
 A - a +1 kite shield of protection (worn)
   (You took it off a tengu warrior on level 15 of the Dungeon)
 B - a scarf of resistance (worn)
   (You acquired it on level 14 of the Dungeon)
 L - +0 swamp dragon scales (worn)
   (You found it on level 6 of the Lair of Beasts)
Jewellery
 x - the cursed ring of Intercession (left hand) {rElec Int+3 Dex-4}
   (You bought it in a shop on level 8 of the Dungeon)

   [ring of dexterity]

   It affects your intelligence (+3).
   It affects your dexterity (-4).
   It insulates you from electricity.
   It has a curse placed upon it.
 W - a ring of magical power (right hand)
   (You found it on level 3 of the Dungeon)
 Y - the amulet "Pelias" (around neck) {Reflect +Blink rN+ SH+5}
   (You took it off an orc on level 11 of the Dungeon)

   [amulet of reflection]

   It shields you and reflects attacks.
   It protects you from negative energy.
   It lets you blink.
   It affects your SH (+5).
Wands
 i - a wand of digging (6)
   (You found it on level 2 of the Swamp)
 k - a wand of acid (33)
   (You found it on level 5 of the Dungeon)
 p - a wand of enslavement (17)
   (You found it on level 4 of the Dungeon)
 M - a wand of polymorph (32)
   (You found it on level 6 of the Lair of Beasts)
 P - a wand of iceblast (12)
   (You found it on level 5 of the Lair of Beasts)
 R - a wand of disintegration (32)
   (You found it on level 7 of the Dungeon)
 S - a wand of flame (75)
   (You found it on level 7 of the Dungeon)
 T - a wand of paralysis (28)
   (You found it on level 9 of the Dungeon)
Scrolls
 e - 5 scrolls of vulnerability {!r!r}
 o - 4 scrolls of fear
 q - 6 scrolls of blinking {!r}
 E - 6 scrolls of fog
 H - 6 scrolls of teleportation {@r4}
 O - 2 scrolls of immolation {!r!r}
 Q - 7 scrolls of magic mapping {!r}
 U - 15 scrolls of remove curse {@r2}
 Z - a scroll of summoning
Potions
 f - a potion of lignification {!q}
 h - 9 potions of brilliance
 j - a potion of cancellation
 l - 2 potions of ambrosia
 m - 2 potions of resistance
 n - 5 potions of heal wounds {@q2}
 v - 12 potions of curing {@q1}
 z - 5 potions of flight
 C - 2 potions of might
 I - 3 potions of invisibility
 K - a potion of magic
Miscellaneous
 d - a condenser vane
   (You found it on level 12 of the Dungeon)
 g - a tin of tremorstones (2/2)
   (You found it on level 1 of the Vaults)
 s - a phantom mirror
   (You found it on level 1 of the Lair of Beasts)
 y - a lightning rod (4/4)
   (You found it on level 3 of the Lair of Beasts)

Dungeon Overview and Level Annotations

Branches:
Dungeon (15/15)            Temple (0/1) D:7            Lair (6/6) D:9
  Swamp (4/4) Lair:4        Snake (4/4) Lair:3        Slime (0/5) Lair:5
    Orc (2/2) D:11            Elf (0/3) Orc:2        Vaults (2/5) D:13
 Depths (0/5) D:15
  Crypt: Vaults:2-3

Altars:
Ashenzari
Cheibriados
Elyvilon
Gozag
Kikubaaqudgha
Makhleb
Nemelex Xobeh
Okawaru
Trog
Vehumet
Wu Jian
Xom
Yredelemnul
Zin
The Shining One
Beogh

Shops:
D:7 *   D:8 =   D:11 (   D:12 (   D:14 *   D:15 [   Orc:2 (:!!   Vaults:1 }
Vaults:2 :

Portals:
Trove: D:11 (give +8 demon whip)

#####'##### #.......# #.......#
.. #.......# ..Dp#######.......#
..zWz.DZ5..*####### ###Wz...#
#{z8..# ∆ #@V...# #.VW..#
###################'#############
.................................
.............=...................
.................................
.................................
#################################


You could see 2 jiangshi, a curse skull (strong), a phantasmal warrior
(summoned), a freezing wraith, an acid dragon, a flying skull (summoned,
strong), a fire giant simulacrum (summoned), a friendly lightning spire
(summoned), a friendly battlesphere and a friendly crimson imp (summoned).


Message History

Confirm with . or Enter, or press ? or * to list all spells.
A shadowy apparition takes form in the air.
Cheibriados thoroughly appreciates the change of pace.
You feel a bit more experienced. Something closely misses you.
Your crimson imp hits something. 😨 MP[-1]
You lost 1 mp, and now have 25/46 mp.
Your shadow imp hits something but does no damage.
Your crimson imp completely misses something.
Something hits you but does no damage.
Your crimson imp hits something but does no damage.
Your crimson imp blinks!
Your shadow imp hits something. 😨 HP[+1]
You hit something.
Something hits you but does no damage. 😨 MP[+1]
You slash something! You bite something.
Your shadow imp hits something but does no damage.
Your crimson imp blinks!
Something hits you but does no damage.
You closely miss something.
Your shadow imp hits something but does no damage. 😨 HP[+1]
Casting: Call Imp (safe; 1% risk of failure)
Confirm with . or Enter, or press ? or * to list all spells.
Aiming: Searing Ray (safe; 0% risk of failure)
Press: ? - help, Shift-Dir - straight line, f/p - curse skull
Aim: a curse skull (translocational energy, lightly damaged, strong, 2% to evade)
The searing ray hits something!
The searing ray hits the curse skull. (Press . to maintain the ray.)
Your battlesphere fires!
The barrage of energy hits the curse skull!
You block something's attack.
The curse skull rattles its jaw.
Your shadow imp hits something but does no damage.
Your crimson imp hits the fire giant simulacrum but does no damage. 😨 MP[-2]
You lost 2 mp, and now have 24/46 mp.
The searing ray hits the curse skull but does no damage.
The searing ray hits the phantasmal warrior!
Your battlesphere fires!
The barrage of energy hits the jiangshi!
The curse skull calls on the powers of darkness!
Your body is wracked with pain!
* * * LOW HITPOINT WARNING * * *
You block something's attack. The jiangshi claws your shadow imp.
The jiangshi completely misses your shadow imp.
Your shadow imp hits something but does no damage.
Your crimson imp hits the fire giant simulacrum.
Your crimson imp barely misses the jiangshi.
The phantasmal warrior blinks! 😱 HP[-23]
You take 23 damage, and now have 32/156 hp.
The searing ray hits something.
The searing ray hits the curse skull but does no damage.
Your lightning spire disappears in a puff of smoke!
Your battlesphere fires!
The barrage of energy hits the fire giant simulacrum!!
The jiangshi claws your shadow imp!
Your shadow imp dies!
You block something's attack.
Your crimson imp hits the jiangshi but does no damage.
The jiangshi claws your crimson imp! x2
Your crimson imp dies! 😱 HP[+1] MP[-1]
You lost 1 mp, and now have 23/46 mp.
The searing ray hits something!
The searing ray hits the freezing wraith.
You finish channeling your searing ray.
Your battlesphere fires!
The barrage of energy hits the fire giant simulacrum!!
You block something's attack.
Your crimson imp closely misses the jiangshi. 😱 MP[-1]
You lost 1 mp, and now have 22/46 mp.
Casting: Searing Ray (safe; 0% risk of failure)
Confirm with . or Enter, or press ? or * to list all spells.
An electric hum fills the air.
You block the jiangshi's attack. x2
The jiangshi completely misses you. x2; Something hits you!
* * * LOW HITPOINT WARNING * * *
Something drains your vigour!
You feel yourself slow down.
The jiangshi claws you but does no damage.
The jiangshi closely misses you.
The fire giant simulacrum barely misses your lightning spire.
Your crimson imp blinks! 😱 HP[-10] MP[-3]
You take 10 damage, and now have 23/156 hp.
You lost 3 mp, and now have 19/46 mp.
As you read the scroll of teleportation {@r4}, it crumbles to dust.
You feel strangely unstable. The jiangshi claws you!
* * * LOW HITPOINT WARNING * * *
The jiangshi draws strength from your injuries!
You block the jiangshi's attack.
The jiangshi claws you but does no damage.
You block the jiangshi's attack. x3; Something hits you.
* * * LOW HITPOINT WARNING * * *
The jiangshi misses you. The jiangshi claws you!!
You die...

Skill      XL: |  1  2  3  4  5  6  7  8  9 10 11 12 13 14 15 16 17 18 19 |
---------------+----------------------------------------------------------+-----
Spellcasting   | 5 6 7 8 9 10 11 12 13 | 13.9
Fighting       | 1 2 3 5 6 7 8 9 10 11 12 13 | 13.1
Short Blades   | 1 2 3 5 6 7 8 9 10 11 12 13 | 13.1
Long Blades    | 1 2 3 5 6 7 8 9 10 11 12 13 | 13.1
Axes           | 1 2 3 5 6 7 8 9 10 11 12 13 | 13.1
Maces & Flails | 1 2 3 5 6 7 8 9 10 11 12 13 | 13.1
Polearms       | 1 2 3 5 6 7 8 9 10 11 12 13 | 13.1
Staves         | 1 2 3 5 6 7 8 9 10 11 12 13 | 13.1
Slings         | 1 2 3 5 6 7 8 9 10 11 12 13 | 13.1
Bows           | 1 2 3 5 6 7 8 9 10 11 12 13 | 13.1
Crossbows      | 1 2 3 5 6 7 8 9 10 11 12 13 | 13.1
Throwing       | 1 2 3 5 6 7 8 9 10 11 12 13 | 13.1
Armour         | 1 2 3 5 6 7 8 9 10 11 12 13 | 13.1
Shields        | 1 2 3 5 6 7 8 9 10 11 12 13 | 13.1
Unarmed Combat | 1 2 3 5 6 7 8 9 10 11 12 13 | 13.1
Invocations    | 1 2 3 4 5 6 7 8 9 10 11 12 13 14 | 14.1
Evocations     | 1 2 3 5 6 7 8 9 10 11 12 13 | 13.1
Hexes          | 1 2 3 4 5 6 7 8 9 10 11 | 11.3
Summonings     | 1 2 3 4 5 6 7 8 9 10 11 | 11.3
Necromancy     | 1 2 3 4 5 6 7 8 9 10 11 | 11.3
Translocations | 1 2 3 4 5 6 7 8 9 10 11 | 11.3
Transmutations | 1 2 3 4 5 6 7 8 9 10 11 | 11.3
Fire Magic     | 1 2 3 4 5 6 7 8 9 10 11 | 11.3
Ice Magic      | 1 2 3 4 5 6 7 8 9 10 11 | 11.3
Air Magic      | 1 2 3 4 5 6 7 8 9 10 11 | 11.3
Earth Magic    | 1 2 3 4 5 6 7 8 9 10 11 | 11.3
Poison Magic   | 1 2 3 4 5 6 7 8 9 10 11 | 11.3
Dodging        | 5 6 7 8 9 10 11 12 13 | 13.8
Stealth        | 5 6 7 8 9 10 11 12 13 | 13.7
Conjurations   | 8 9 10 11 12 13 | 13.0

Action                   |  1- 3 |  4- 6 |  7- 9 | 10-12 | 13-15 | 16-18 | 19-21 || total
-------------------------+-------+-------+-------+-------+-------+-------+-------++-------
Melee: Quarterstaff      |       |     9 |       |       |       |       |       ||     9
       Whip              |       |    15 |    73 |     4 |   233 |       |       ||   325
       Bite              |       |     1 |     8 |    41 |    94 |    72 |    58 ||   274
       Halberd           |       |       |    12 |       |       |       |       ||    12
       Rapier            |       |       |    10 |       |       |       |       ||    10
       Staff             |       |       |       |   210 |    93 |       |       ||   303
       Spear             |       |       |       |       |   102 |   109 |       ||   211
       Long sword        |       |       |       |       |       |   189 |   165 ||   354
       Punch             |       |       |       |       |       |     1 |       ||     1
 Fire: Hunting sling     |    10 |    41 |       |       |       |       |       ||    51
       Shortbow          |       |       |    21 |       |       |       |       ||    21
Throw: Stone             |       |     2 |       |       |       |       |       ||     2
       Boomerang         |       |       |       |       |     1 |       |       ||     1
 Cast: Magic Dart        |    35 |    74 |   174 |   185 |   315 |   684 |   287 ||  1754
       Searing Ray       |       |     7 |    42 |    67 |    32 |    17 |     7 ||   172
       Iskenderun's Myst |       |       |     2 |    17 |    22 |    15 |     2 ||    58
       Call Imp          |       |       |       |    68 |    35 |    17 |     3 ||   123
       Summon Lightning  |       |       |       |    23 |    91 |   126 |    47 ||   287
       Olgreb's Toxic Ra |       |       |       |       |   189 |   184 |    63 ||   436
       Ignite Poison     |       |       |       |       |    56 |    28 |     2 ||    86
       Iskenderun's Batt |       |       |       |       |     1 |   110 |    38 ||   149
       Bolt of Magma     |       |       |       |       |       |     4 |     2 ||     6
       Iron Shot         |       |       |       |       |       |       |     1 ||     1
Invok: Slouch            |       |       |       |     1 |       |       |       ||     1
 Abil: Evoke Blink       |       |       |     1 |       |       |     2 |       ||     3
Evoke: Wand              |       |       |       |     2 |     1 |       |       ||     3
  Use: Scroll            |       |       |    12 |     3 |     9 |    17 |     4 ||    45
       Potion            |       |       |       |       |     1 |     3 |       ||     4
 Stab: Sleeping          |       |     1 |     1 |       |       |       |     1 ||     3
       Distracted        |       |       |       |     2 |     8 |     8 |     5 ||    23
Armor: Robe              |     2 |     4 |     2 |       |       |       |       ||     8
       Leather armour    |       |    14 |    22 |     9 |    28 |       |       ||    73
       Ring mail         |       |       |     1 |    74 |       |       |       ||    75
       Swamp dragon scal |       |       |       |       |    20 |   144 |    47 ||   211
Dodge: Dodged            |     5 |    62 |    98 |   182 |   258 |   336 |   119 ||  1060
Block: Buckler           |       |       |     7 |    96 |   184 |       |       ||   287
       Kite shield       |       |       |       |       |    84 |   540 |   253 ||   877
       Reflection        |       |       |       |       |    10 |    44 |    35 ||    89
       Other             |       |       |       |       |       |     1 |       ||     1
       Rpst.: Long sword |       |       |       |       |       |    48 |    25 ||    73

Levels and vault maps discovered:
D:1:      mushboom_english_gardens, layout_basic, minivault_11
D:2:      layout_loops_ring, tso_oasis_becter, kiku_gazebo_garden_becter,
          kennysheep_generic_room_7, uniq_crazy_yiuf_cottage
D:3:      layout_rooms, uniq_sigmund, uniq_jessica
D:4:      minmay_wonky_spiral, layout_loops_corners,
          chequers_temple_overflow_statue_of_worship
D:5:      layout_loops_ring, roderic_serpentine_path
D:6:      layout_basic, nicolae_overflow_hidden_temple
D:7:      layout_basic, general_overflow_altar, cheibriados_altar_1,
          minmay_temple_entry_gardened_gates, serial_shops, shop
D:8:      layout_rooms, grunt_temple_overflow_order_and_chaos_2,
          vehumet_altar_wand_db, serial_shops, nicolae_shop_stone,
          ebering_ghost_gozag, nicolae_sextant
D:9:      layout_stronghold, ashenzari_conservatory_becter, old_standard_altar,
          david_lair_shrubbed, chequers_serial_rivers_small_b,
          palyth_stone_intersect, serial_bayou_pond_c,
          nicolae_looking_at_the_future, uniq_maggie, uniq_prince_ribbit1
D:10:     layout_basic, uniq_grum, uniq_gastronok, uniq_snorg, uniq_josephine,
          uniq_maurice
D:11:     layout_basic, kennysheep_orc_monster_closet_entryway, serial_shops,
          shop_fountains, enter_trove_1, small_chamber_with_monster,
          uniq_erolcha
D:12:     layout_roguey, serial_shops, nicolae_shop_trees, uniq_nergalle
D:13:     layout_rooms, ximxim_vaults_locker_room
D:14:     minmay_the_grid_triangle_9x9_line_8_mashed
          [minmay_the_grid_triangle_9x9_odd_lines,
          minmay_the_grid_triangle_9x9_swiss_cheese,
          minmay_the_grid_triangle_9x9_tough_junction,
          minmay_the_grid_triangle_9x9_fully_insulated_deathbox,
          minmay_the_grid_triangle_9x9_from_above,
          minmay_the_grid_triangle_9x9_zippers_horizontal,
          minmay_the_grid_triangle_9x9_cache,
          minmay_the_grid_triangle_9x9_prize_insulated], layout_irregular_city,
          serial_shops, shop, basic_altar, kennysheep_generic_room_15
D:15:     grunt_enter_depths_giant_problem, layout_irregular_city,
          elyvilon_altar_1, serial_shops, nicolae_shop_stone, uniq_azrael,
          uniq_roxanne, uniq_rupert
Lair:1:   layout_roguey
Lair:2:   minmay_guarded_unrand_snakebite, layout_gridlike
Lair:3:   layout_gridlike, dummy_snake_entry, nicolae_quartered_pool_medium,
          minmay_lair_oklob_chamber, grunt_megastairs_3,
          infiniplex_staircase_pool_2
Lair:4:   layout_hall_layers, palyth_hydra_swamp_entry,
          kennysheep_basilisk_garden, grunt_megastairs_2
Lair:5:   layout_gridlike, minmay_slime_entry_pillars
Lair:6:   guppyfry_lair_end_dragon, layout_hall_layers,
          hangedman_lair_generics_rect
Swamp:1:  layout_basic_swamp, evilmike_swamp_ruin_house_3,
          nicolae_swamp_triple_paths, infiniplex_staircase_pool
Swamp:2:  layout_basic_swamp, hangedman_swamp_lotus
Swamp:3:  gammafunk_sealed_arena, layout_falls_marsh, hangedman_swamp_blocks,
          uniq_nikola, uniq_aizul
Swamp:4:  swamp, layout_basic_swamp
Snake:1:  layout_misc_corridors, basic_altar, lemuel_fruit_tree
Snake:2:  gammafunk_the_bubble [the_bubble_gammafunk_split], layout_cave_pods,
          grunt_ministairs_3
Snake:3:  layout_cave_town
Snake:4:  minmay_snake_end_coiled, layout_rooms, corexii_hall_statues_l,
          st_stairs_6
Orc:1:    layout_caves
Orc:2:    kennysheep_orc_mage_school, layout_caves, mines2_david, uniq_donald
Vaults:1: vaults_room_door_hall, grunt_vaults_swirl, nicolae_vaults_murderbox,
          hangedman_vaults_capsules, hangedman_vaults_hat, vaults_dpeg_hooks,
          v_misc_26, v_misc_28, nicolae_vaults_rhombus_6,
          vaults_dpeg_encased_lava, layout_vaults_omnicross, serial_shops,
          nicolae_shop_crystal
Vaults:2: nicolae_vaults_network_s, nicolae_vaults_big_angled_halls,
          hangedman_vaults_stitches, minmay_crypt_entry_simple_box,
          nicolae_vaults_little_squares_1, st_lattice, vaults_room_fancy_cross,
          layout_vaults_omnigrid, serial_shops, shop

Notes
Turn   | Place    | Note
-------+----------+-------------------------------------------
     0 | D:1      | phalm the Gnoll Conjurer began the quest for the Orb.
     0 | D:1      | Reached XP level 1. HP: 13/13 MP: 6/6
     0 | D:1      | magus.rc [v1.9.10]
   158 | D:1      | Reached XP level 2. HP: 19/19 MP: 5/7
   161 | D:1      | Learned a level 2 spell: Searing Ray
   951 | D:2      | Reached skill level 5 in Spellcasting
   951 | D:2      | Reached XP level 3. HP: 25/25 MP: 5/9
  1030 | D:2      | Reached skill level 1 in Fighting
  1030 | D:2      | Reached skill level 1 in Short Blades
  1030 | D:2      | Reached skill level 1 in Long Blades
  1030 | D:2      | Reached skill level 1 in Axes
  1030 | D:2      | Reached skill level 1 in Maces & Flails
  1030 | D:2      | Reached skill level 1 in Polearms
  1030 | D:2      | Reached skill level 1 in Staves
  1030 | D:2      | Reached skill level 1 in Slings
  1030 | D:2      | Reached skill level 1 in Bows
  1030 | D:2      | Reached skill level 1 in Crossbows
  1030 | D:2      | Reached skill level 1 in Throwing
  1030 | D:2      | Reached skill level 1 in Armour
  1030 | D:2      | Reached skill level 1 in Shields
  1030 | D:2      | Reached skill level 1 in Unarmed Combat
  1030 | D:2      | Reached skill level 1 in Invocations
  1030 | D:2      | Reached skill level 1 in Evocations
  1030 | D:2      | Reached XP level 4. HP: 32/32 MP: 1/11
  1484 | D:2      | Reached skill level 1 in Hexes
  1484 | D:2      | Reached skill level 1 in Summonings
  1484 | D:2      | Reached skill level 1 in Necromancy
  1484 | D:2      | Reached skill level 1 in Translocations
  1484 | D:2      | Reached skill level 1 in Transmutations
  1484 | D:2      | Reached skill level 1 in Fire Magic
  1484 | D:2      | Reached skill level 1 in Ice Magic
  1484 | D:2      | Reached skill level 1 in Air Magic
  1484 | D:2      | Reached skill level 1 in Earth Magic
  1484 | D:2      | Reached skill level 1 in Poison Magic
  1550 | D:2      | Found a glowing golden altar of the Shining One.
  1691 | D:2      | Found a runed translucent door.
  1692 | D:2      | Noticed Crazy Yiuf
  1945 | D:2      | Killed Crazy Yiuf
  1946 | D:2      | Reached XP level 5. HP: 35/37 MP: 5/12
  2070 | D:2      | Learned a level 4 spell: Iskenderun's Mystic Blast
  2143 | D:2      | Found an ancient bone altar of Kikubaaqudgha.
  2647 | D:3      | Noticed Sigmund
  2799 | D:3      | Reached skill level 2 in Invocations
  2799 | D:3      | Reached XP level 6. HP: 44/44 MP: 13/13
  2964 | D:3      | Killed Sigmund
  2965 | D:3      | Reached skill level 2 in Fighting
  2965 | D:3      | Reached skill level 2 in Short Blades
  2965 | D:3      | Reached skill level 2 in Long Blades
  2965 | D:3      | Reached skill level 2 in Axes
  2965 | D:3      | Reached skill level 2 in Maces & Flails
  2965 | D:3      | Reached skill level 2 in Polearms
  2965 | D:3      | Reached skill level 2 in Staves
  2965 | D:3      | Reached skill level 2 in Slings
  2965 | D:3      | Reached skill level 2 in Bows
  2965 | D:3      | Reached skill level 2 in Crossbows
  2965 | D:3      | Reached skill level 2 in Throwing
  2965 | D:3      | Reached skill level 2 in Armour
  2965 | D:3      | Reached skill level 5 in Dodging
  2965 | D:3      | Reached skill level 2 in Shields
  2965 | D:3      | Reached skill level 2 in Unarmed Combat
  2965 | D:3      | Reached skill level 2 in Evocations
  3083 | D:3      | Noticed Jessica
  3087 | D:3      | Killed Jessica
  3088 | D:3      | Reached XP level 7. HP: 50/50 MP: 15/15
  3427 | D:3      | You fall into a shaft and drop 1 floor!
  3782 | D:4      | Reached skill level 2 in Hexes
  3782 | D:4      | Reached skill level 2 in Summonings
  3782 | D:4      | Reached skill level 2 in Necromancy
  3782 | D:4      | Reached skill level 2 in Translocations
  3782 | D:4      | Reached skill level 2 in Transmutations
  3782 | D:4      | Reached skill level 2 in Fire Magic
  3782 | D:4      | Reached skill level 2 in Ice Magic
  3782 | D:4      | Reached skill level 2 in Air Magic
  3782 | D:4      | Reached skill level 2 in Earth Magic
  3782 | D:4      | Reached skill level 2 in Poison Magic
  3908 | D:4      | Found a basalt altar of Yredelemnul.
  3909 | D:4      | Found a sparkling altar of Nemelex Xobeh.
  4194 | D:4      | Reached skill level 5 in Stealth
  4378 | D:4      | Found a shimmering altar of Xom.
  4523 | D:4      | Reached skill level 3 in Invocations
  4948 | D:5      | Entered Level 5 of the Dungeon
  5496 | D:5      | Reached XP level 8. HP: 57/57 MP: 16/16
  5555 | D:5      | Reached skill level 3 in Fighting
  5555 | D:5      | Reached skill level 3 in Short Blades
  5555 | D:5      | Reached skill level 3 in Long Blades
  5555 | D:5      | Reached skill level 3 in Axes
  5555 | D:5      | Reached skill level 3 in Maces & Flails
  5555 | D:5      | Reached skill level 3 in Polearms
  5555 | D:5      | Reached skill level 3 in Staves
  5555 | D:5      | Reached skill level 3 in Slings
  5555 | D:5      | Reached skill level 3 in Bows
  5555 | D:5      | Reached skill level 3 in Crossbows
  5555 | D:5      | Reached skill level 3 in Throwing
  5555 | D:5      | Reached skill level 3 in Armour
  5555 | D:5      | Reached skill level 3 in Shields
  5555 | D:5      | Reached skill level 3 in Unarmed Combat
  5555 | D:5      | Reached skill level 3 in Evocations
  5893 | D:6      | Reached skill level 6 in Spellcasting
  6222 | D:6      | Reached skill level 3 in Hexes
  6222 | D:6      | Reached skill level 3 in Summonings
  6222 | D:6      | Reached skill level 3 in Necromancy
  6222 | D:6      | Reached skill level 3 in Translocations
  6222 | D:6      | Reached skill level 3 in Transmutations
  6222 | D:6      | Reached skill level 3 in Fire Magic
  6222 | D:6      | Reached skill level 3 in Ice Magic
  6222 | D:6      | Reached skill level 3 in Air Magic
  6222 | D:6      | Reached skill level 3 in Earth Magic
  6222 | D:6      | Reached skill level 3 in Poison Magic
  6222 | D:6      | Reached skill level 4 in Invocations
  6470 | D:6      | Reached skill level 6 in Dodging
  6717 | D:6      | Found a bloodstained altar of Trog.
  6909 | D:7      | Reached XP level 9. HP: 60/65 MP: 18/18
  6949 | D:7      | Found a snail-covered altar of Cheibriados.
  7023 | D:7      | Became a worshipper of Cheibriados the Contemplative
  7047 | D:7      | Noticed a hornet
  7052 | D:7      | Paralysed by a hornet for 3 turns
  7055 | D:7      | Killed a hornet
  7055 | D:7      | Found a staircase to the Ecumenical Temple.
  7056 | D:7      | Reached skill level 4 in Fighting
  7056 | D:7      | Reached skill level 4 in Short Blades
  7056 | D:7      | Reached skill level 4 in Long Blades
  7056 | D:7      | Reached skill level 4 in Axes
  7056 | D:7      | Reached skill level 4 in Maces & Flails
  7056 | D:7      | Reached skill level 4 in Polearms
  7056 | D:7      | Reached skill level 4 in Staves
  7056 | D:7      | Reached skill level 4 in Slings
  7056 | D:7      | Reached skill level 4 in Bows
  7056 | D:7      | Reached skill level 4 in Crossbows
  7056 | D:7      | Reached skill level 4 in Throwing
  7056 | D:7      | Reached skill level 4 in Armour
  7056 | D:7      | Reached skill level 4 in Shields
  7056 | D:7      | Reached skill level 4 in Unarmed Combat
  7056 | D:7      | Reached skill level 4 in Evocations
  7335 | D:7      | You pick up a book of Maledictions and begin reading...
  7335 | D:7      | You add the spells Corona, Ensorcelled Hibernation,
                  | Confusing Touch and Tukima's Dance to your library.
  7394 | D:7      | Reached skill level 6 in Stealth
  7394 | D:7      | Reached skill level 8 in Conjurations
  7688 | D:7      | Found Packeh's General Store.
  7692 | D:7      | Bought a scroll of identify for 28 gold pieces
  7781 | D:7      | Reached * piety under Cheibriados
  8016 | D:7      | Reached skill level 5 in Invocations
  8194 | D:7      | Found an iron altar of Okawaru.
  8314 | D:8      | Found Cazo Raili's Jewellery Shoppe.
  8340 | D:8      | Reached skill level 7 in Spellcasting
  8412 | D:8      | Found a runed translucent gate.
  8412 | D:8      | Found a runed translucent gate.
  8412 | D:8      | Found a runed translucent gate.
  8414 | D:8      | Got a bronze ring mail
  8425 | D:8      | Identified the cursed +1 ring mail of the Well-Known
                  | Stories {+Blink Str+3 Int-5} (You found it on level 8 of
                  | the Dungeon)
  8425 | D:8      | Found an opulent altar of Gozag.
  8440 | D:8      | Noticed a two-headed ogre
  8454 | D:8      | Killed a two-headed ogre
  8455 | D:8      | Reached skill level 5 in Fighting
  8455 | D:8      | Reached skill level 5 in Short Blades
  8455 | D:8      | Reached skill level 5 in Long Blades
  8455 | D:8      | Reached skill level 5 in Axes
  8455 | D:8      | Reached skill level 5 in Maces & Flails
  8455 | D:8      | Reached skill level 5 in Polearms
  8455 | D:8      | Reached skill level 5 in Staves
  8455 | D:8      | Reached skill level 5 in Slings
  8455 | D:8      | Reached skill level 5 in Bows
  8455 | D:8      | Reached skill level 5 in Crossbows
  8455 | D:8      | Reached skill level 5 in Throwing
  8455 | D:8      | Reached skill level 5 in Armour
  8455 | D:8      | Reached skill level 5 in Shields
  8455 | D:8      | Reached skill level 5 in Unarmed Combat
  8455 | D:8      | Reached skill level 4 in Hexes
  8455 | D:8      | Reached skill level 4 in Summonings
  8455 | D:8      | Reached skill level 4 in Necromancy
  8455 | D:8      | Reached skill level 4 in Translocations
  8455 | D:8      | Reached skill level 4 in Transmutations
  8455 | D:8      | Reached skill level 4 in Fire Magic
  8455 | D:8      | Reached skill level 4 in Ice Magic
  8455 | D:8      | Reached skill level 4 in Air Magic
  8455 | D:8      | Reached skill level 4 in Earth Magic
  8455 | D:8      | Reached skill level 4 in Poison Magic
  8455 | D:8      | Reached skill level 5 in Evocations
  8455 | D:8      | Reached XP level 10. HP: 67/74 MP: 16/20
  8540 | D:8      | Found a burning altar of Makhleb.
  8541 | D:8      | Found a glowing silver altar of Zin.
  8541 | D:8      | Noticed an angel
  8542 | D:8      | Noticed a green death
  8730 | D:8      | Noticed Dogology's ghost (novice TeAE)
  8873 | D:8      | Found a radiant altar of Vehumet.
  9004 | D:8      | magus.rc [v1.9.10]
  9014 | D:8      | Reached ** piety under Cheibriados
  9015 | D:8      | Reached skill level 7 in Dodging
  9038 | D:8      | Killed Dogology's ghost
  9049 | D:8      | HP: 18/74 [poisoned by Dogology's ghost]
  9055 | D:8      | HP: 18/74 [poisoned by Dogology's ghost]
  9062 | D:8      | HP: 17/74 [poisoned by Dogology's ghost]
  9067 | D:8      | HP: 17/74 [poisoned by Dogology's ghost]
  9073 | D:8      | HP: 18/74 [poisoned by Dogology's ghost]
  9079 | D:8      | HP: 18/74 [poisoned by Dogology's ghost]
  9085 | D:8      | HP: 18/74 [poisoned by Dogology's ghost]
  9412 | D:9      | Reached skill level 6 in Invocations
  9415 | D:9      | Reached skill level 7 in Stealth
  9568 | D:9      | Found a staircase to the Lair.
  9669 | D:9      | Found a broken altar of Ashenzari.
  9690 | D:9      | Noticed Maggie
  9697 | D:9      | Killed Maggie
  9740 | D:9      | You pick up a book of Callings and begin reading...
  9740 | D:9      | You add the spells Summon Small Mammal, Call Imp, Call
                  | Canine Familiar, Summon Guardian Golem, Summon Lightning
                  | Spire and Summon Ice Beast to your library.
  9744 | D:9      | Learned a level 2 spell: Call Imp
  9978 | D:9      | Found an ornate altar of the Wu Jian Council.
 10087 | D:9      | Noticed Prince Ribbit
 10095 | D:9      | Killed Prince Ribbit
 10096 | D:9      | Reached XP level 11. HP: 81/81 MP: 22/22
 10578 | D:9      | Reached *** piety under Cheibriados
 10635 | D:9      | Reached skill level 6 in Fighting
 10635 | D:9      | Reached skill level 6 in Short Blades
 10635 | D:9      | Reached skill level 6 in Long Blades
 10635 | D:9      | Reached skill level 6 in Axes
 10635 | D:9      | Reached skill level 6 in Maces & Flails
 10635 | D:9      | Reached skill level 6 in Polearms
 10635 | D:9      | Reached skill level 6 in Staves
 10635 | D:9      | Reached skill level 6 in Slings
 10635 | D:9      | Reached skill level 6 in Bows
 10635 | D:9      | Reached skill level 6 in Crossbows
 10635 | D:9      | Reached skill level 6 in Throwing
 10635 | D:9      | Reached skill level 6 in Armour
 10635 | D:9      | Reached skill level 6 in Shields
 10635 | D:9      | Reached skill level 6 in Unarmed Combat
 10635 | D:9      | Reached skill level 6 in Evocations
 10640 | D:9      | Reached skill level 5 in Hexes
 10640 | D:9      | Reached skill level 5 in Summonings
 10640 | D:9      | Reached skill level 5 in Necromancy
 10640 | D:9      | Reached skill level 5 in Translocations
 10640 | D:9      | Reached skill level 5 in Transmutations
 10640 | D:9      | Reached skill level 5 in Fire Magic
 10640 | D:9      | Reached skill level 5 in Ice Magic
 10640 | D:9      | Reached skill level 5 in Air Magic
 10640 | D:9      | Reached skill level 5 in Earth Magic
 10640 | D:9      | Reached skill level 5 in Poison Magic
 10929 | D:9      | Reached skill level 8 in Spellcasting
 11077 | D:10     | Entered Level 10 of the Dungeon
 11099 | D:10     | Noticed Snorg
 11108 | D:10     | Noticed Josephine
 11109 | D:10     | Killed Snorg
 11115 | D:10     | Noticed Gastronok
 11125 | D:10     | Noticed Maurice
 11340 | D:10     | Killed Maurice
 11594 | D:10     | Reached skill level 9 in Conjurations
 11594 | D:10     | Reached skill level 7 in Invocations
 11612 | D:10     | Killed an unseen horror
 11612 | D:10     | Reached **** piety under Cheibriados
 11613 | D:10     | Reached skill level 8 in Dodging
 11769 | D:10     | Killed Gastronok
 11770 | D:10     | Reached skill level 8 in Stealth
 11795 | D:10     | Killed Josephine
 11946 | D:10     | Reached XP level 12. HP: 89/89 MP: 19/24
 11974 | D:10     | Learned a level 4 spell: Summon Lightning Spire
 12209 | D:10     | You pick up a book of Ice and begin reading...
 12209 | D:10     | You add the spells Ice Form, Metabolic Englaciation,
                  | Ozocubu's Refrigeration, Freezing Cloud and Simulacrum to
                  | your library.
 12222 | D:10     | Noticed Grum
 12226 | D:10     | Killed Grum
 12302 | D:10     | Noticed a six-headed hydra
 12315 | D:10     | Reached skill level 7 in Fighting
 12315 | D:10     | Reached skill level 7 in Short Blades
 12315 | D:10     | Reached skill level 7 in Long Blades
 12315 | D:10     | Reached skill level 7 in Axes
 12315 | D:10     | Reached skill level 7 in Maces & Flails
 12315 | D:10     | Reached skill level 7 in Polearms
 12315 | D:10     | Reached skill level 7 in Staves
 12315 | D:10     | Reached skill level 7 in Slings
 12315 | D:10     | Reached skill level 7 in Bows
 12315 | D:10     | Reached skill level 7 in Crossbows
 12315 | D:10     | Reached skill level 7 in Throwing
 12315 | D:10     | Reached skill level 7 in Armour
 12315 | D:10     | Reached skill level 7 in Shields
 12315 | D:10     | Reached skill level 7 in Unarmed Combat
 12315 | D:10     | Reached skill level 7 in Evocations
 12319 | D:10     | Killed a six-headed hydra
 12800 | D:11     | Found a portal to a secret trove of treasure.
 12802 | D:11     | Noticed Erolcha
 12834 | D:11     | Killed Erolcha
 12841 | D:11     | This trove needs a +8 demon whip to function. Give it the
                  | item?
 12911 | D:11     | Noticed a two-headed ogre
 12919 | D:11     | Identified the amulet "Pelias" {Reflect +Blink rN+ SH+5}
 12923 | D:11     | Killed a two-headed ogre
 12941 | D:11     | Reached skill level 6 in Hexes
 12941 | D:11     | Reached skill level 6 in Summonings
 12941 | D:11     | Reached skill level 6 in Necromancy
 12941 | D:11     | Reached skill level 6 in Translocations
 12941 | D:11     | Reached skill level 6 in Transmutations
 12941 | D:11     | Reached skill level 6 in Fire Magic
 12941 | D:11     | Reached skill level 6 in Ice Magic
 12941 | D:11     | Reached skill level 6 in Air Magic
 12941 | D:11     | Reached skill level 6 in Earth Magic
 12941 | D:11     | Reached skill level 6 in Poison Magic
 13008 | D:11     | Reached skill level 8 in Invocations
 13223 | D:11     | You pick up a book of Conjurations and begin reading...
 13293 | D:11     | Reached skill level 9 in Spellcasting
 13330 | D:11     | Noticed a boulder beetle
 13333 | D:11     | Found Zinakuc's Antique Weapon Boutique.
 13360 | D:11     | Killed a boulder beetle
 13751 | D:11     | Found a staircase to the Orcish Mines.
 13753 | D:11     | Reached ***** piety under Cheibriados
 13958 | D:11     | Reached skill level 9 in Dodging
 14314 | Lair:1   | Entered Level 1 of the Lair of Beasts
 14827 | Lair:1   | Noticed a five-headed hydra
 14837 | Lair:1   | Killed a five-headed hydra
 14838 | Lair:1   | Reached skill level 9 in Stealth
 14838 | Lair:1   | Reached XP level 13. HP: 98/98 MP: 23/26
 15529 | Lair:1   | Reached skill level 8 in Fighting
 15529 | Lair:1   | Reached skill level 8 in Short Blades
 15529 | Lair:1   | Reached skill level 8 in Long Blades
 15529 | Lair:1   | Reached skill level 8 in Axes
 15529 | Lair:1   | Reached skill level 8 in Maces & Flails
 15529 | Lair:1   | Reached skill level 8 in Polearms
 15529 | Lair:1   | Reached skill level 8 in Staves
 15529 | Lair:1   | Reached skill level 8 in Slings
 15529 | Lair:1   | Reached skill level 8 in Bows
 15529 | Lair:1   | Reached skill level 8 in Crossbows
 15529 | Lair:1   | Reached skill level 8 in Throwing
 15529 | Lair:1   | Reached skill level 8 in Armour
 15529 | Lair:1   | Reached skill level 8 in Shields
 15529 | Lair:1   | Reached skill level 8 in Unarmed Combat
 15529 | Lair:1   | Reached skill level 8 in Evocations
 15986 | Lair:2   | Reached ****** piety under Cheibriados
 16400 | Lair:2   | Reached skill level 9 in Invocations
 16701 | Lair:2   | HP: 22/98 [yak (5)]
 17349 | Lair:2   | Reached skill level 10 in Conjurations
 17459 | Lair:2   | Found the +8 whip "Snakebite" {curare, rPois}
 17611 | Lair:3   | Reached skill level 7 in Hexes
 17611 | Lair:3   | Reached skill level 7 in Summonings
 17611 | Lair:3   | Reached skill level 7 in Necromancy
 17611 | Lair:3   | Reached skill level 7 in Translocations
 17611 | Lair:3   | Reached skill level 7 in Transmutations
 17611 | Lair:3   | Reached skill level 7 in Fire Magic
 17611 | Lair:3   | Reached skill level 7 in Ice Magic
 17611 | Lair:3   | Reached skill level 7 in Air Magic
 17611 | Lair:3   | Reached skill level 7 in Earth Magic
 17611 | Lair:3   | Reached skill level 7 in Poison Magic
 18660 | Lair:3   | Found a staircase to the Snake Pit.
 18868 | Lair:3   | You add the spells Sting, Poisonous Vapours, Mephitic
                  | Cloud, Ignite Poison and Olgreb's Toxic Radiance to your
                  | library.
 18874 | Lair:3   | Learned a level 4 spell: Olgreb's Toxic Radiance
 18878 | Lair:3   | Learned a level 3 spell: Ignite Poison
 18981 | Lair:3   | Reached skill level 10 in Spellcasting
 19579 | Lair:4   | You pick up a book of Hexes and begin reading...
 19579 | Lair:4   | You add the spells Cause Fear, Yara's Violent Unravelling,
                  | Silence and Discord to your library.
 20152 | Lair:4   | Reached XP level 14. HP: 106/106 MP: 22/28
 20379 | Lair:4   | Reached skill level 10 in Dodging
 20452 | Lair:4   | Found a staircase to the Swamp.
 20635 | Lair:5   | Reached skill level 9 in Fighting
 20635 | Lair:5   | Reached skill level 9 in Short Blades
 20635 | Lair:5   | Reached skill level 9 in Long Blades
 20635 | Lair:5   | Reached skill level 9 in Axes
 20635 | Lair:5   | Reached skill level 9 in Maces & Flails
 20635 | Lair:5   | Reached skill level 9 in Polearms
 20635 | Lair:5   | Reached skill level 9 in Staves
 20635 | Lair:5   | Reached skill level 9 in Slings
 20635 | Lair:5   | Reached skill level 9 in Bows
 20635 | Lair:5   | Reached skill level 9 in Crossbows
 20635 | Lair:5   | Reached skill level 9 in Throwing
 20635 | Lair:5   | Reached skill level 9 in Armour
 20635 | Lair:5   | Reached skill level 9 in Shields
 20635 | Lair:5   | Reached skill level 9 in Unarmed Combat
 20635 | Lair:5   | Reached skill level 9 in Evocations
 20883 | Lair:5   | Reached skill level 10 in Stealth
 21280 | Lair:5   | Found a staircase to the Slime Pits.
 21425 | Lair:5   | Reached skill level 10 in Invocations
 22025 | Lair:6   | Entered Level 6 of the Lair of Beasts
 22604 | Lair:6   | Reached skill level 8 in Hexes
 22604 | Lair:6   | Reached skill level 8 in Summonings
 22604 | Lair:6   | Reached skill level 8 in Necromancy
 22604 | Lair:6   | Reached skill level 8 in Translocations
 22604 | Lair:6   | Reached skill level 8 in Transmutations
 22604 | Lair:6   | Reached skill level 8 in Fire Magic
 22604 | Lair:6   | Reached skill level 8 in Ice Magic
 22604 | Lair:6   | Reached skill level 8 in Air Magic
 22604 | Lair:6   | Reached skill level 8 in Earth Magic
 22604 | Lair:6   | Reached skill level 8 in Poison Magic
 23632 | Lair:6   | Noticed a dire elephant
 23639 | Lair:6   | Killed a dire elephant
 23744 | Lair:6   | Reached XP level 15. HP: 114/115 MP: 21/29
 23983 | Lair:6   | You pick up a book of Power and begin reading...
 23983 | Lair:6   | You add the spells Iskenderun's Battlesphere, Bolt of
                  | Magma, Iron Shot, Orb of Destruction and Spellforged
                  | Servitor to your library.
 23990 | Lair:6   | Learned a level 5 spell: Iskenderun's Battlesphere
 23996 | Lair:6   | Learned a level 5 spell: Bolt of Magma
 24393 | Orc:1    | Entered Level 1 of the Orcish Mines
 25268 | Orc:2    | Entered Level 2 of the Orcish Mines
 25501 | Orc:2    | Found a roughly hewn altar of Beogh.
 25783 | Orc:1    | Reached skill level 11 in Spellcasting
 26057 | Orc:2    | Paralysed by an orc sorcerer for 3 turns
 26424 | Orc:2    | Found Ugaer's Distillery.
 26500 | Orc:2    | Found an ancient bone altar of Kikubaaqudgha.
 26695 | Orc:2    | Noticed Donald
 26701 | Orc:2    | Killed Donald
 26702 | Orc:2    | Reached skill level 10 in Fighting
 26702 | Orc:2    | Reached skill level 10 in Short Blades
 26702 | Orc:2    | Reached skill level 10 in Long Blades
 26702 | Orc:2    | Reached skill level 10 in Axes
 26702 | Orc:2    | Reached skill level 10 in Maces & Flails
 26702 | Orc:2    | Reached skill level 10 in Polearms
 26702 | Orc:2    | Reached skill level 10 in Staves
 26702 | Orc:2    | Reached skill level 10 in Slings
 26702 | Orc:2    | Reached skill level 10 in Bows
 26702 | Orc:2    | Reached skill level 10 in Crossbows
 26702 | Orc:2    | Reached skill level 10 in Throwing
 26702 | Orc:2    | Reached skill level 10 in Armour
 26702 | Orc:2    | Reached skill level 10 in Shields
 26702 | Orc:2    | Reached skill level 10 in Unarmed Combat
 26702 | Orc:2    | Reached skill level 10 in Evocations
 26810 | Orc:2    | a +2 eveningstar of draining {rare}; a +0 plate armour; a
                  | +0 kite shield
 26897 | Orc:2    | a +2 eveningstar of draining {rare}; a +0 plate armour
 27043 | Orc:2    | Found a roughly hewn altar of Beogh.
 27043 | Orc:2    | Found Yfos's Book Shop.
 27140 | Orc:2    | Found Enluc's Antique Weapon Boutique.
 27158 | Orc:2    | Bought an ancient spear for 248 gold pieces
 27158 | Orc:2    | Identified the +4 spear of the Warrior {vorpal, rF+++ Will-
                  | Str+5 Int+4} (You bought it in a shop on level 2 of the
                  | Orcish Mines)
 27174 | Orc:2    | Found a radiant altar of Vehumet.
 27204 | Orc:2    | Found Lybracra's Distillery.
 27300 | Orc:2    | Found a staircase to the Elven Halls.
 27712 | D:12     | Reached skill level 11 in Dodging
 28119 | D:12     | Reached skill level 11 in Conjurations
 28645 | D:12     | Noticed Nergalle
 28653 | D:12     | Killed Nergalle
 28654 | D:12     | Reached skill level 11 in Invocations
 28691 | D:12     | Reached skill level 11 in Stealth
 29253 | D:12     | Found Zash's Weapon Boutique.
 30045 | D:13     | Identified a scroll of acquirement
 30246 | D:13     | Found a gate to the Vaults.
 30454 | D:14     | Reached XP level 16. HP: 123/123 MP: 25/31
 30615 | D:14     | Found a runed translucent door.
 30894 | D:14     | Reached skill level 9 in Hexes
 30894 | D:14     | Reached skill level 9 in Summonings
 30894 | D:14     | Reached skill level 9 in Necromancy
 30894 | D:14     | Reached skill level 9 in Translocations
 30894 | D:14     | Reached skill level 9 in Transmutations
 30894 | D:14     | Reached skill level 9 in Fire Magic
 30894 | D:14     | Reached skill level 9 in Ice Magic
 30894 | D:14     | Reached skill level 9 in Air Magic
 30894 | D:14     | Reached skill level 9 in Earth Magic
 30894 | D:14     | Reached skill level 9 in Poison Magic
 31235 | D:14     | Found a shimmering altar of Xom.
 31541 | D:14     | Found Giguta's Assorted Antiques.
 32147 | D:14     | Found a runed translucent door.
 32148 | D:14     | Found a runed translucent door.
 32149 | D:14     | Found a runed translucent door.
 32158 | D:14     | Found a runed translucent door.
 32271 | D:14     | Identified the +8 long sword of Woerchor {drain, +Rage
                  | rC+++ Will++ Int-3}
 32356 | D:14     | Identified the +10 glaive of Ritail {elec, rF+}
 32491 | D:14     | Acquired a scarf of resistance
 32524 | D:14     | Got a dazzling cloak
 32535 | D:14     | Identified the -7 cloak of Holis {Slay+5} (You found it on
                  | level 14 of the Dungeon)
 32564 | D:14     | Identified the Guide on Noxious Changing
 32565 | D:14     | You add the spells Alistair's Intoxication and Eringya's
                  | Noxious Bog to your library.
 33024 | D:15     | Entered Level 15 of the Dungeon
 33150 | D:15     | Found Nedah's Armour Boutique.
 33212 | D:15     | Noticed Azrael
 33229 | D:15     | Killed Azrael
 33230 | D:15     | Reached skill level 11 in Fighting
 33230 | D:15     | Reached skill level 11 in Short Blades
 33230 | D:15     | Reached skill level 11 in Long Blades
 33230 | D:15     | Reached skill level 11 in Axes
 33230 | D:15     | Reached skill level 11 in Maces & Flails
 33230 | D:15     | Reached skill level 11 in Polearms
 33230 | D:15     | Reached skill level 11 in Staves
 33230 | D:15     | Reached skill level 11 in Slings
 33230 | D:15     | Reached skill level 11 in Bows
 33230 | D:15     | Reached skill level 11 in Crossbows
 33230 | D:15     | Reached skill level 11 in Throwing
 33230 | D:15     | Reached skill level 11 in Armour
 33230 | D:15     | Reached skill level 11 in Shields
 33230 | D:15     | Reached skill level 11 in Unarmed Combat
 33230 | D:15     | Reached skill level 11 in Evocations
 33298 | D:15     | Noticed Rupert
 33311 | D:15     | Killed Rupert
 33312 | D:15     | Reached skill level 12 in Spellcasting
 33775 | D:15     | Reached skill level 12 in Invocations
 34061 | D:15     | Noticed Roxanne
 34065 | D:15     | Found a staircase to the Depths.
 34081 | D:15     | HP: 18/125 [Roxanne/iron shot (27)]
 34084 | D:15     | Killed Roxanne
 34440 | D:15     | You pick up a book of Transfigurations and begin reading...
 34440 | D:15     | You add the spells Irradiate, Statue Form, Hydra Form and
                  | Dragon Form to your library.
 34919 | D:15     | Reached skill level 12 in Dodging
 34978 | D:15     | Reached XP level 17. HP: 131/131 MP: 23/33
 35150 | D:15     | Found a white marble altar of Elyvilon.
 35519 | Lair:2   | Learned a level 6 spell: Iron Shot
 35639 | Swamp:1  | Entered Level 1 of the Swamp
 36231 | Swamp:1  | Reached skill level 12 in Stealth
 38734 | Swamp:3  | Noticed Nikola
 38957 | D:8      | Bought the cursed ring of Intercession {rElec Int+3 Dex-4}
                  | for 268 gold pieces
 39572 | Swamp:3  | Killed Nikola
 39573 | Swamp:3  | Reached skill level 12 in Conjurations
 39729 | Swamp:3  | Noticed Aizul
 39744 | Swamp:3  | Killed Aizul
 39745 | Swamp:3  | Reached skill level 10 in Hexes
 39745 | Swamp:3  | Reached skill level 10 in Summonings
 39745 | Swamp:3  | Reached skill level 10 in Necromancy
 39745 | Swamp:3  | Reached skill level 10 in Translocations
 39745 | Swamp:3  | Reached skill level 10 in Transmutations
 39745 | Swamp:3  | Reached skill level 10 in Fire Magic
 39745 | Swamp:3  | Reached skill level 10 in Ice Magic
 39745 | Swamp:3  | Reached skill level 10 in Air Magic
 39745 | Swamp:3  | Reached skill level 10 in Earth Magic
 39745 | Swamp:3  | Reached skill level 10 in Poison Magic
 39883 | Swamp:3  | Found a transporter.
 39909 | Swamp:3  | Found a transporter.
 40988 | Swamp:3  | You pick up a book of Dreams and begin reading...
 40988 | Swamp:3  | You add the spells Borgnjor's Vile Clutch and Shadow
                  | Creatures to your library.
 41056 | Swamp:4  | Entered Level 4 of the Swamp
 41162 | Swamp:4  | HP: 30/133 [eight-headed hydra (11)]
 41168 | Swamp:4  | HP: 2/133 [spriggan druid/stone arrow (24)]
 41175 | Swamp:4  | HP: 32/133 [bunyip (1)]
 41526 | Swamp:4  | HP: 21/133 [bunyip (24)]
 41528 | Swamp:4  | HP: 3/133 [bunyip (18)]
 42008 | Swamp:4  | Reached XP level 18. HP: 138/140 MP: 30/34
 42495 | Swamp:4  | Reached skill level 12 in Fighting
 42495 | Swamp:4  | Reached skill level 12 in Short Blades
 42495 | Swamp:4  | Reached skill level 12 in Long Blades
 42495 | Swamp:4  | Reached skill level 12 in Axes
 42495 | Swamp:4  | Reached skill level 12 in Maces & Flails
 42495 | Swamp:4  | Reached skill level 12 in Polearms
 42495 | Swamp:4  | Reached skill level 12 in Staves
 42495 | Swamp:4  | Reached skill level 12 in Slings
 42495 | Swamp:4  | Reached skill level 12 in Bows
 42495 | Swamp:4  | Reached skill level 12 in Crossbows
 42495 | Swamp:4  | Reached skill level 12 in Throwing
 42495 | Swamp:4  | Reached skill level 12 in Armour
 42495 | Swamp:4  | Reached skill level 12 in Shields
 42495 | Swamp:4  | Reached skill level 12 in Unarmed Combat
 42495 | Swamp:4  | Reached skill level 12 in Evocations
 42693 | Swamp:4  | Got a decaying rune of Zot
 42893 | Swamp:4  | Reached skill level 13 in Invocations
 43566 | Snake:1  | Entered Level 1 of the Snake Pit
 43811 | Snake:1  | Found an ornate altar of the Wu Jian Council.
 43826 | Snake:1  | Identified the amulet "Veczel" {rC+ Will+ Regen+ Dex+7}
 44265 | Snake:1  | Reached skill level 13 in Spellcasting
 45793 | Snake:2  | Found a transporter.
 45793 | Snake:2  | Found a transporter.
 46046 | Snake:2  | Reached skill level 13 in Dodging
 46289 | Snake:2  | Got a heavily runed helmet
 46310 | Snake:2  | Identified the +2 helmet of the Dolphin {rF+++ Will+++
                  | Dex-3 Stlth-} (You found it on level 2 of the Snake Pit)
 47105 | Snake:3  | Reached skill level 13 in Stealth
 47883 | Snake:4  | Entered Level 4 of the Snake Pit
 48065 | Snake:4  | Identified a +2 robe of the Archmagi
 48481 | Snake:4  | Reached XP level 19. HP: 98/147 MP: 6/36
 50220 | Snake:4  | Got a serpentine rune of Zot
 50530 | Lair:2   | Acquired a book of the Tempests
 50531 | Lair:2   | You pick up a book of the Tempests and begin reading...
 50531 | Lair:2   | You add the spells Static Discharge, Lightning Bolt,
                  | Ignition, Tornado and Shatter to your library.
 50698 | Vaults:1 | Entered Level 1 of the Vaults
 51009 | Vaults:1 | Reached skill level 11 in Hexes
 51009 | Vaults:1 | Reached skill level 11 in Summonings
 51009 | Vaults:1 | Reached skill level 11 in Necromancy
 51009 | Vaults:1 | Reached skill level 11 in Translocations
 51009 | Vaults:1 | Reached skill level 11 in Transmutations
 51009 | Vaults:1 | Reached skill level 11 in Fire Magic
 51009 | Vaults:1 | Reached skill level 11 in Ice Magic
 51009 | Vaults:1 | Reached skill level 11 in Air Magic
 51009 | Vaults:1 | Reached skill level 11 in Earth Magic
 51009 | Vaults:1 | Reached skill level 11 in Poison Magic
 51729 | Vaults:1 | Found Sivuwau's Gadget Shoppe.
 52602 | Vaults:1 | Reached skill level 13 in Fighting
 52602 | Vaults:1 | Reached skill level 13 in Short Blades
 52602 | Vaults:1 | Reached skill level 13 in Long Blades
 52602 | Vaults:1 | Reached skill level 13 in Axes
 52602 | Vaults:1 | Reached skill level 13 in Maces & Flails
 52602 | Vaults:1 | Reached skill level 13 in Polearms
 52602 | Vaults:1 | Reached skill level 13 in Staves
 52602 | Vaults:1 | Reached skill level 13 in Slings
 52602 | Vaults:1 | Reached skill level 13 in Bows
 52602 | Vaults:1 | Reached skill level 13 in Crossbows
 52602 | Vaults:1 | Reached skill level 13 in Throwing
 52602 | Vaults:1 | Reached skill level 13 in Armour
 52602 | Vaults:1 | Reached skill level 13 in Shields
 52602 | Vaults:1 | Reached skill level 13 in Unarmed Combat
 52602 | Vaults:1 | Reached skill level 14 in Invocations
 52602 | Vaults:1 | Reached skill level 13 in Evocations
 53629 | Vaults:2 | You add the spells Haunt, Borgnjor's Revivification,
                  | Infestation, Necromutation and Death's Door to your
                  | library.
 53634 | Vaults:2 | Found Daaloiw's Book Shop.
 53688 | Vaults:2 | Reached skill level 13 in Conjurations
 53916 | Vaults:2 | Noticed a Tzitzimitl
 53918 | Vaults:2 | Noticed a Brimstone Fiend
 54272 | Vaults:2 | Reached XP level 20. HP: 156/156 MP: 28/37
 54272 | Vaults:2 | Noticed a curse skull
 54281 | Vaults:2 | Noticed a curse skull
 54288 | Vaults:2 | HP: 39/156 [soul eater/drain life (6)]
 54646 | Vaults:2 | HP: 32/156 [??? (23)]
 54650 | Vaults:2 | HP: 8/156 [jiangshi[a curse skull] (16)]
 54650 | Vaults:2 | Mangled by a jiangshi

Vanquished Creatures
  Rupert (D:15)
  Gastronok (D:10)
  Roxanne (D:15)
  4 nagarajas (Snake:4)
  A fenstrider witch (Swamp:2)
  Donald (Orc:2)
  A vault warden (Vaults:1)
  A fire giant (D:15)
  A deep elf sorcerer (Vaults:2)
  Aizul (Swamp:3)
  A stone giant (Orc:1)
  4 ironheart preservers
  An entropy weaver (Vaults:1)
  A deep elf demonologist (Vaults:2)
  A deep elf annihilator (Vaults:2)
  Azrael (D:15)
  2 bunyips
  A dire elephant (Lair:6)
  Snorg (D:10)
  Josephine (D:10)
  Erolcha (D:11)
  3 eleionomae
  A fire dragon (Lair:6)
  8 naga warriors
  4 vault guards (D:13)
  7 boulder beetles
  18 hydras
  2 ghost crabs
  14 two-headed ogres
  8 centaur warriors
  4 anacondas
  A death knight (D:14)
  2 deep troll shamans (Vaults:2)
  8 alligators
  7 death yaks
  2 tengu warriors (D:15)
  6 ogre magi
  An orc high priest (Orc:1)
  5 shock serpents
  2 deep troll earth magi (Vaults:1)
  5 naga sharpshooters
  Nergalle (D:12)
  A deep elf knight (Vaults:1)
  The ghost of Dogology the Zephyrmancer, a novice TeAE of Sif Muna (D:8)
  7 skeletal warriors
  5 naga ritualists
  7 spriggan druids
  4 goliath frogs
  3 deep trolls
  An orange crystal statue (Swamp:3)
  2 wizards
  6 bog bodies
  4 unseen horrors
  5 swamp dragons
  2 deep elf archers (Vaults:1)
  A lindwurm (Lair:4)
  2 harpies (Vaults:1)
  5 orc knights
  24 ugly things
  4 ironbrand convokers
  9 mana vipers
  3 deep elf magi
  2 wolf spiders
  6 salamanders
  A manticore (D:15)
  2 will-o-the-wisps (Swamp:3)
  9 orc sorcerers
  2 centaur zombies
  2 cyclopes
  2 guardian serpents (Snake:4)
  9 elephants
  A vault sentinel (Vaults:1)
  Maurice (D:10)
  21 black mambas
  3 gargoyles
  9 cane toads
  12 naga magi
  Maggie (D:9)
  A yaktaur (shapeshifter) (D:15)
  2 rime drakes (Lair:5)
  11 komodo dragons
  An efreet (D:14)
  6 yaktaurs (Vaults:1)
  A troll (shapeshifter) (Vaults:2)
  2 polar bears (Lair:4)
  8 tyrant leeches
  A queen bee (D:9)
  13 hornets
  3 trolls
  30 slime creatures
  4 bloated husks
  21 blink frogs
  Prince Ribbit (D:9)
  5 dream sheep (Lair:6)
  3 shadows
  2 vampires
  3 redbacks (Vaults:1)
  Sigmund (D:3)
  11 spriggans
  6 wyverns
  5 wraiths
  54 yaks
  7 basilisks
  7 humans (D:13)
  2 fire elementals (D:15)
  14 vampire mosquitoes
  Grum (D:10)
  4 steam dragons
  3 wargs
  14 swamp worms
  40 nagas
  2 acid dragons
  A water moccasin (shapeshifter) (Vaults:1)
  16 water moccasins
  A hell hound (D:15)
  A meliai simulacrum (D:14)
  4 ice beasts
  22 orc warriors
  4 black bears
  2 sky beasts
  6 swamp drakes (Swamp:4)
  4 phantoms
  An eye of draining (D:13)
  20 ogres
  10 wolves
  16 centaurs
  2 boggarts (D:14)
  5 big kobolds
  26 bullfrogs
  2 gnoll sergeants
  A wyvern zombie (D:7)
  A water moccasin zombie (D:9)
  5 scorpions
  A water moccasin skeleton (D:4)
  2 wyvern skeletons
  17 killer bees
  6 wights
  A nameless horror (D:11)
  A howler monkey (D:7)
  3 bullfrog zombies
  4 jellies
  Crazy Yiuf (D:2)
  A bullfrog skeleton (D:9)
  A human simulacrum (Vaults:2)
  3 centaur skeletons
  14 orc priests
  12 hounds
  33 orc wizards
  Jessica (D:3)
  7 iguanas
  12 worker ants
  A hound zombie (D:11)
  A worker ant zombie (D:6)
  11 gnolls
  A howler monkey skeleton (D:10)
  15 adders
  2 shadow imps
  5 white imps
  An ufetubus (D:10)
  3 oozes
  4 adder skeletons
  An adder zombie (D:9)
  A worm (D:4)
  3 dart slugs
  6 leopard geckos
  82 orcs
  2 giant cockroaches
  11 goblins
  11 hobgoblins
  21 jackals
  12 kobolds
  7 quokkas
  10 bats
  5 frilled lizards
  2 leopard gecko skeletons
  6 rats
1099 creatures vanquished.

Vanquished Creatures (collateral kills)
  Nikola (Swamp:3)
  A thorn hunter (Swamp:3)
  4 nagarajas
  A deep elf sorcerer (Vaults:2)
  2 bunyips (Swamp:4)
  2 eleionomae (Swamp:4)
  14 hydras
  A rakshasa (Vaults:1)
  A boulder beetle (D:11)
  8 naga warriors
  A catoblepas (Lair:3)
  2 ghost crabs
  3 anacondas
  A death yak (Lair:6)
  2 tengu warriors
  A two-headed ogre (Vaults:1)
  A death knight (Vaults:1)
  3 naga sharpshooters
  A salamander mystic (Snake:4)
  3 naga ritualists
  An unseen horror (D:15)
  3 skeletal warriors
  7 swamp dragons
  A deep troll (Vaults:1)
  A bog body (Swamp:1)
  An ironbrand convoker (Vaults:2)
  3 orc knights
  2 harpies (Vaults:1)
  3 cyclopes
  4 ugly things
  2 mana vipers (Snake:1)
  An orc sorcerer (Orc:2)
  2 oklob plants (Lair:3)
  2 salamanders (Snake:2)
  2 wolf spiders
  An elephant (Lair:6)
  2 manticores (D:11)
  A guardian serpent (Snake:1)
  10 naga magi
  A black mamba (shapeshifter) (D:14)
  16 black mambas
  6 cane toads
  A gargoyle (D:12)
  A centaur skeleton (D:15)
  2 yaktaurs (Vaults:1)
  3 rime drakes (Lair:6)
  A freezing wraith (Vaults:1)
  4 komodo dragons
  A jumping spider (Vaults:1)
  A troll (D:11)
  4 slime creatures
  A tyrant leech (Swamp:4)
  3 hornets
  6 blink frogs
  A wraith (D:14)
  6 spriggans
  8 yaks
  A shadow (D:12)
  2 basilisks
  2 vampire mosquitoes
  23 nagas
  3 swamp worms
  3 water moccasins
  4 acid dragons
  2 hell hounds (D:15)
  A swamp drake (Swamp:4)
  5 orc warriors
  An ice beast (D:15)
  A black bear (Lair:3)
  5 wolves (Lair:1)
  2 ogres
  2 big kobolds (D:11)
  A gnoll sergeant (D:11)
  A wyvern zombie (D:14)
  4 bullfrogs
  3 wights
  An orc priest (Orc:2)
  5 orc wizards
  An iguana (Lair:6)
  A hound skeleton (D:9)
  A gnoll (D:11)
  11 orcs
254 creatures vanquished.

Vanquished Creatures (others)
  A vault guard (D:13)
  2 hydras
  2 catoblepae (D:14)
  2 bloated husks
  An acid dragon (shapeshifter) (D:14)
  An orc warrior (D:14)
  A sky beast (D:10)
  An ogre (D:14)
  17 foxfires (Swamp:3)
  18 fungi
  46 plants
  5 withered plants (D:2)
97 creatures vanquished.

Grand Total: 1450 creatures vanquished

Table legend:
 A = Non-vault XP
 B = Vault XP
 C = Vault XP percentage of total XP
 D = Non-vault monster count
 E = Vault monster count
 F = Vault count percentage of total count
                 A         B        C        D         E       F
            +---------+---------+-------+---------+---------+-------
      Total |  268937 |  133389 |  33.2 |    1017 |     338 |  24.9
            +---------+---------+-------+---------+---------+-------
        D:1 |      31 |       0 |   0.0 |      14 |       0 |   0.0
        D:2 |     168 |      46 |  21.5 |      33 |       3 |   8.3
        D:3 |     175 |     260 |  59.8 |      34 |       2 |   5.6
        D:4 |     348 |      32 |   8.4 |      19 |       1 |   5.0
        D:5 |     286 |       0 |   0.0 |      11 |       0 |   0.0
        D:6 |     956 |       0 |   0.0 |      26 |       0 |   0.0
        D:7 |    1696 |       0 |   0.0 |      30 |       0 |   0.0
        D:8 |    1940 |    1390 |  41.7 |      14 |       6 |  30.0
        D:9 |    1915 |    1953 |  50.5 |      25 |      16 |  39.0
       D:10 |    3685 |    5753 |  61.0 |      39 |      11 |  22.0
       D:11 |    6609 |    2302 |  25.8 |      44 |      22 |  33.3
       D:12 |   13209 |     740 |   5.3 |      59 |       1 |   1.7
       D:13 |    6743 |    5210 |  43.6 |      20 |      11 |  35.5
       D:14 |   18393 |   11314 |  38.1 |      49 |      25 |  33.8
       D:15 |   20555 |    7542 |  26.8 |      55 |       9 |  14.1
     Lair:1 |    6058 |       0 |   0.0 |      28 |       0 |   0.0
     Lair:2 |    6263 |    1407 |  18.3 |      37 |      10 |  21.3
     Lair:3 |    5492 |    1441 |  20.8 |      17 |       5 |  22.7
     Lair:4 |    3442 |    2717 |  44.1 |      12 |      10 |  45.5
     Lair:5 |   12272 |     373 |   2.9 |      30 |       4 |  11.8
     Lair:6 |   11412 |    7133 |  38.5 |      32 |      20 |  38.5
    Swamp:1 |   10158 |       0 |   0.0 |      26 |       0 |   0.0
    Swamp:2 |   13378 |       0 |   0.0 |      29 |       0 |   0.0
    Swamp:3 |   11208 |    9785 |  46.6 |      29 |      11 |  27.5
    Swamp:4 |   16601 |   13173 |  44.2 |      25 |      25 |  50.0
    Snake:1 |   17197 |       0 |   0.0 |      40 |       0 |   0.0
    Snake:2 |    6876 |    6960 |  50.3 |      14 |      16 |  53.3
    Snake:3 |   13601 |       0 |   0.0 |      36 |       0 |   0.0
    Snake:4 |   17436 |   20914 |  54.5 |      43 |      43 |  50.0
      Orc:1 |    5687 |       0 |   0.0 |      48 |       0 |   0.0
      Orc:2 |     596 |    8714 |  93.6 |      23 |      42 |  64.6
   Vaults:1 |   18632 |   21163 |  53.2 |      44 |      39 |  47.0
   Vaults:2 |   15919 |    3067 |  16.2 |      32 |       6 |  15.8
            +---------+---------+-------+---------+---------+-------

Illustrated notes

Table legend:
 A = Kills in this place as a percentage of kills in entire the game.
 B = Kills by you in this place as a percentage of kills by you in the entire game.
 C = Kills by friends in this place as a percentage of kills by friends in the entire game.
 D = Other kills in this place as a percentage of other kills in the entire game.
 E = Experience gained in this place as a percentage of experience gained in the entire game.
 F = Experience gained in this place divided by the number of levels of this place that you have seen.
                   A       B       C       D       E      F
               +-------+-------+-------+-------+-------+----------------------
         Total | 100.0 | 100.0 | 100.0 | 100.0 | 100.0 | 12191.7
       Dungeon |  42.7 |  47.4 |  22.4 |  33.3 |  28.1 | 7550.1
          Lair |  15.1 |  14.3 |  18.9 |   0.0 |  14.4 | 9668.3
         Swamp |  10.7 |   9.8 |  13.8 |  66.7 |  18.5 | 18575.8
     Snake Pit |  14.2 |  10.6 |  29.9 |   0.0 |  20.6 | 20746.0
  Orcish Mines |   8.3 |   9.3 |   4.3 |   0.0 |   3.7 | 7498.5
        Vaults |   8.9 |   8.6 |  10.6 |   0.0 |  14.6 | 29390.5
               +-------+-------+-------+-------+-------+----------------------

Table legend: (Time is in decaauts)
 A = Elapsed time spent in this place.
 B = Non-inter-level travel time spent in this place.
 C = Inter-level travel time spent in this place.
 D = Time resting spent in this place.
 E = Time spent auto-exploring this place.
 F = Levels seen in this place.
 G = Mean time per level.
                   A        B        C        D        E       F      G
               +--------+--------+--------+--------+--------+-----+--------+
         Total |  70942 |  65598 |   5344 |    332 |  56468 |  33 | 2149.8 |
       Dungeon |  27341 |  25497 |   1844 |      0 |  21788 |  15 | 1822.7 |
          Lair |  15423 |  13276 |   2147 |    107 |  11795 |   6 | 2570.5 |
         Swamp |   9655 |   9188 |    467 |      0 |   8093 |   4 | 2413.8 |
     Snake Pit |   9412 |   8875 |    537 |      0 |   7569 |   4 | 2353.0 |
  Orcish Mines |   4029 |   3771 |    258 |    195 |   2935 |   2 | 2014.5 |
        Vaults |   5082 |   4994 |     88 |     30 |   4287 |   2 | 2541.0 |
               +--------+--------+--------+--------+--------+-----+--------+

Top non-repeatable levels by time:
 Swamp:3: 3437 daAuts
    D:14: 3431 daAuts
Vaults:1: 3256 daAuts
  Lair:2: 2958 daAuts
    D:15: 2914 daAuts
 Snake:4: 2737 daAuts
  Lair:3: 2694 daAuts
  Lair:6: 2681 daAuts
  Lair:4: 2679 daAuts
   Orc:2: 2603 daAuts
     D:9: 2594 daAuts
    D:12: 2593 daAuts
 Snake:3: 2547 daAuts
  Lair:1: 2545 daAuts
    D:11: 2500 daAuts
